 Dungeon Crawl Stone Soup version 0.21.1-1-g345015f (webtiles) character file.

205 GreatBrownShark the Cleaver (level 5, -2/45 HPs)
             Began as a Hill Orc Monk on June 27, 2018.
             Slain by Exporg's ghost (4 damage)
             ... on level 6 of the Dungeon.
             The game lasted 00:11:24 (5196 turns).

GreatBrownShark the Cleaver (Hill Orc Monk)         Turns: 5196, Time: 00:11:25

Health: -2/45      AC:  7    Str: 15    XL:     5   Next: 83%
Magic:  5/5        EV:  9    Int: 10    God:
Gold:   152        SH:  3    Dex: 13    Spells: 4/4 levels left

rFire    . . .     SeeInvis .   a - +0 hand axe
rCold    + . .     Gourm    .   s - +0 buckler
rNeg     . . .     Faith    .   k - +1 scale mail
rPois    .         Spirit   .   (no helmet)
rElec    .         Reflect  .   (no cloak)
rCorr    .         Harm     .   (no gloves)
MR       .....                  (no boots)
Stlth    ..........             (no amulet)
HPRegen  0.15/turn              l - ring of protection from cold
MPRegen  0.09/turn              (no ring)

@: drained
A: no striking features
a: no special abilities


You were on level 6 of the Dungeon.
You were very hungry.

You visited 1 branch of the dungeon, and saw 6 of its levels.

You collected 152 gold pieces.

Inventory:

Hand Weapons
 a - a +0 hand axe (weapon)
Missiles
 d - 21 sling bullets
Armour
 k - a +1 scale mail (worn)
 s - a +0 buckler (worn)
Jewellery
 l - a ring of protection from cold (left hand)
 n - an uncursed ring of see invisible {unknown}
 o - an uncursed ring of wizardry {unknown}
 r - an uncursed amulet of the gourmand {unknown}
 v - a cursed -3 ring of intelligence {unknown}
Wands
 t - a wand of polymorph (19)
 u - a wand of acid (5)
 w - a wand of flame (4)
Scrolls
 b - a scroll of random uselessness {unknown}
 e - a scroll of immolation {unknown}
 f - 2 scrolls of enchant armour
 g - 3 scrolls of identify
 h - a scroll of remove curse {unknown}
 m - 5 scrolls of enchant weapon {unknown}
 q - 2 scrolls of blinking {unknown}
Potions
 j - 2 potions of degeneration {unknown}
Comestibles
 c - 5 rations


   Skills:
 - Level 3.6(3.3) Fighting
 + Level 8.3(8.0) Axes
 - Level 2.4(2.1) Dodging
 - Level 1.5(1.2) Stealth


You had 4 spell levels left.
You didn't know any spells.

Dungeon Overview and Level Annotations

Branches:
Dungeon (6/15)
 Temple: D:4-7

Altars:
Ashenzari
Cheibriados
Elyvilon
Gozag
Hepliaklqana
Kikubaaqudgha
Okawaru
Qazlal
Trog

Annotations:
D:4 Blork the orc
D:5 Eustachio, Natasha
D:6 Exporg's ghost, novice GnSk


Message History

The adder moves out of view.
Eustachio zaps a wand.
You resist with some effort.
There is a stone staircase leading down here.
Eustachio screams, "Hey, you killed my favourite bat!"
You climb downwards.
The ogre hits you with a giant club.
There is a stone staircase leading up here.
You slash the ogre!
The ogre is moderately wounded.
The ogre hits you with a giant club!!
Ouch! That really hurt!
The ogre hits you with a giant club!
* * * LOW HITPOINT WARNING * * *
Exporg's ghost (novice Gnoll Skald) comes into view.
It is wielding a weapon of flaming.
Exporg's ghost turns its malevolent gaze towards you.
Exporg's ghost moves out of view.
Exporg's ghost says, "I was once a great warrior, and I still am!"
Exporg's ghost gestures wildly while chanting.
Exporg's ghost's wounds begin to heal before your eyes!
Exporg's ghost hits you.
You die...

###.......
...#.#..
....#.#
###.....
......##
#.....#
#...W.########
#..@..##.....#
#.##.###.#<.)#
# #O###.######
#............
#####........
####.....
.#### . #


You could see an ogre and Exporg's ghost.

Vanquished Creatures
  A hound (D:4)
  2 worker ants
  Ijyb (D:4)
  3 adders
  A worm (D:2)
  3 orcs (D:3)
  6 bats
  6 giant cockroaches
  5 hobgoblins
  13 jackals
  2 quokkas
  A ball python (D:1)
  9 frilled lizards
  8 goblins
  A jackal zombie (D:6)
  7 kobolds
  4 rats (D:1)
73 creatures vanquished.

Notes
Turn   | Place    | Note
-------+----------+-------------------------------------------
     0 | D:1      | GreatBrownShark the Hill Orc Monk began the quest for the Orb.
     0 | D:1      | Reached XP level 1. HP: 19/19 MP: 1/1
   728 | D:1      | Reached XP level 2. HP: 20/26 MP: 2/2
   936 | D:1      | Found a stormy altar of Qazlal.
   993 | D:1      | Reached skill level 5 in Axes
  1401 | D:1      | Reached XP level 3. HP: 30/31 MP: 3/3
  1784 | D:2      | Found an opulent altar of Gozag.
  2167 | D:2      | Reached skill level 6 in Axes
  2469 | D:2      | Found a shattered altar of Ashenzari.
  2582 | D:2      | Reached XP level 4. HP: 37/39 MP: 4/4
  2601 | D:2      | Found an iron altar of Okawaru.
  2938 | D:3      | Found a shattered altar of Ashenzari.
  3104 | D:3      | Noticed an ogre
  3124 | D:3      | Noticed an ice beast
  3278 | D:3      | Found a hazy altar of Hepliaklqana.
  3278 | D:3      | Found a white marble altar of Elyvilon.
  3279 | D:3      | Found an ancient bone altar of Kikubaaqudgha.
  3360 | D:3      | Reached skill level 7 in Axes
  4022 | D:4      | HP: 1/39 [hound (4)]
  4030 | D:4      | Reached XP level 5. HP: 11/45 MP: 5/5
  4265 | D:4      | Noticed Ijyb
  4291 | D:4      | Killed Ijyb
  4466 | D:4      | Found a snail-covered altar of Cheibriados.
  4470 | D:4      | Noticed Blork the orc
  4559 | D:4      | Found a bloodstained altar of Trog.
  4634 | D:4      | Reached skill level 8 in Axes
  4894 | D:4      | Noticed Natasha
  4903 | D:5      | Entered Level 5 of the Dungeon
  5061 | D:6      | Noticed an ogre
  5174 | D:5      | Noticed Eustachio
  5188 | D:6      | HP: 1/45 [ogre/giant club (17)]
  5193 | D:6      | Noticed Exporg's ghost (novice GnSk)
  5196 | D:6      | Slain by Exporg's ghost

Skill      XL: |  1  2  3  4  5 |
---------------+----------------+-----
Axes           | 5 6 7 8 |  8.3
Fighting       | |  3.6
Dodging        | |  2.4
Stealth        | |  1.5

Action                   |  1- 3 |  4- 6 || total
-------------------------+-------+-------++-------
Melee: Hand axe          |   224 |   171 ||   395
  Use: Scroll            |     1 |     7 ||     8
       Potion            |       |     3 ||     3
  Eat: Chunk             |     5 |     4 ||     9
       Ration            |       |     1 ||     1
Armor: Robe              |    18 |       ||    18
       Scale mail        |    71 |    74 ||   145
Dodge: Dodged            |   148 |    63 ||   211
Block: Buckler           |       |    28 ||    28
